[ AOE2 MATCH · #494737843 ]
UnrankedMongols vs Tupi
Player's team · WIN
Rival team · LOSS
[ REPLAY ANALYSIS · EXTRACTED FROM THE RECORDED GAME ]
Feudal
10:00
Castle
24:12
Imperial
—
| APM avg | 27.6 |
| APM peak | 50 |
| eAPM avg | 13.4 |
| Villagers / military | 51 / 13 |
Focus
⚔️ 29.0% · 🌾 71.0%
Archer ×9 · Scout Cavalry ×3 · Skirmisher ×1
Feudal
9:27
Castle
—
Imperial
—
| APM avg | 34.3 |
| APM peak | 53 |
| eAPM avg | 17.7 |
| Villagers / military | 42 / 0 |
Focus
⚔️ 42.9% · 🌾 57.1%
Unknown (2550) ×8
Match map
Initial resources + every placement click. Lines = walls · curves = elevation contours. ◆ gold · ⬟ stone · ● berries · ✦ relic · ◌ wall gap
Your base· Open — 4t gap
gupo57's base· Open — unwalled flank
Smoothed initial terrain · ◌ = detected wall gap · hover for details
Inputs per minute
— be water my friend - - gupo57
Build order — be water my friend
120 actions detected in the replay
| 0:08 | Build | Town Center |
| 1:10 | Queue | Villager (Male) |
| 1:11 | Queue | Villager (Male) |
| 1:11 | Queue | Villager (Male) |
| 1:19 | Queue | Villager (Male) |
| 1:52 | Queue | Villager (Male) |
| 2:25 | Build | Lumber Camp |
| 2:31 | Queue | Villager (Male) |
| 2:40 | Queue | Villager (Male) |
| 3:11 | Queue | Villager (Male) |
| 3:33 | Queue | Villager (Male) |
| 3:34 | Queue | Villager (Male) |
| 3:52 | Build | Mill |
| 4:33 | Queue | Villager (Male) |
| 4:42 | Queue | Villager (Male) |
| 4:42 | Queue | Villager (Male) |
| 4:43 | Queue | Villager (Male) |
| 4:50 | Build | House |
| 4:52 | Build | Palisade Wall |
| 4:59 | Queue | Villager (Male) |
| 5:08 | Queue | Villager (Male) |
| 5:33 | Build | House |
| 5:34 | Build | Palisade Wall |
| 6:07 | Build | Mill |
| 6:25 | Queue | Villager (Male) |
| 7:04 | Research | Loom |
| 7:26 | Build | Palisade Wall |
| 7:27 | Build | Palisade Wall |
| 7:29 | Research | Feudal Age |
| 7:59 | Build | Barracks |
| 8:01 | Queue | Villager (Male) |
| 8:02 | Queue | Villager (Male) |
| 8:37 | Queue | Villager (Male) |
| 9:12 | Build | House |
| 9:17 | Build | Mill |
| 9:26 | Queue | Villager (Male) |
| 10:00 | Age | Feudal Age |
| 10:02 | Queue | Villager (Male) |
| 10:05 | Build | Stable |
| 10:07 | Research | Double-Bit Axe |
| 10:08 | Queue | Villager (Male) |
| 10:09 | Queue | Villager (Male) |
| 10:52 | Queue | Villager (Male) |
| 11:07 | Queue | Scout Cavalry |
| 11:07 | Queue | Scout Cavalry |
| 11:11 | Build | Archery Range |
| 11:38 | Queue | Scout Cavalry |
| 11:41 | Queue | Archer |
| 11:47 | Queue | Villager (Male) |
| 11:49 | Build | Farm |
| 11:50 | Build | Farm |
| 11:51 | Queue | Villager (Male) |
| 11:51 | Queue | Villager (Male) |
| 11:52 | Queue | Villager (Male) |
| 12:07 | Queue | Villager (Male) |
| 12:11 | Build | Mining Camp |
| 12:15 | Build | Mining Camp |
| 12:30 | Build | House |
| 12:34 | Build | Palisade Wall |
| 12:49 | Queue | Skirmisher |
| 13:13 | Build | Watch Tower |
| 13:36 | Queue | Villager (Male) |
| 13:39 | Queue | Archer |
| 14:07 | Queue | Archer |
| 14:12 | Queue | Villager (Male) |
| 14:17 | Build | Farm |
| 14:26 | Build | Blacksmith |
| 14:34 | Queue | Archer |
| 14:36 | Queue | Villager (Male) |
| 14:51 | Build | Farm |
| 15:25 | Research | Fletching |
| 15:25 | Research | Fletching |
| 15:26 | Queue | Villager (Male) |
| 15:31 | Build | Mining Camp |
| 15:33 | Queue | Archer |
| 15:46 | Queue | Villager (Male) |
| 16:23 | Build | House |
| 16:30 | Queue | Villager (Male) |
| 16:31 | Queue | Villager (Male) |
| 16:44 | Queue | Archer |
| 17:05 | Queue | Villager (Male) |
| 17:08 | Build | Farm |
| 17:09 | Build | Farm |
| 17:10 | Build | Farm |
| 17:10 | Build | Farm |
| 17:13 | Build | Mill |
| 17:17 | Queue | Villager (Male) |
| 17:19 | Queue | Archer |
| 17:19 | Queue | Archer |
| 17:31 | Queue | Villager (Male) |
| 17:31 | Queue | Villager (Male) |
| 17:48 | Build | Watch Tower |
| 18:25 | Queue | Villager (Male) |
| 18:43 | Queue | Villager (Male) |
| 18:44 | Queue | Villager (Male) |
| 18:44 | Queue | Villager (Male) |
| 18:45 | Queue | Archer |
| 19:08 | Build | Farm |
| 19:15 | Queue | Villager (Male) |
| 19:27 | Research | Wheelbarrow |
| 19:41 | Build | Market |
| 19:51 | Build | Lumber Camp |
| 19:53 | Queue | Villager (Male) |
| 19:58 | Build | House |
| 20:25 | Queue | Villager (Male) |
| 20:31 | Queue | Villager (Male) |
| 20:52 | Build | Watch Tower |
| 20:56 | Queue | Villager (Male) |
| 21:30 | Research | Castle Age |
| 21:44 | Build | Mining Camp |
| 21:48 | Research | Padded Archer Armor |
| 22:05 | Build | Farm |
| 22:15 | Build | Farm |
| 23:10 | Research | Bloodlines |
| 23:17 | Research | Horse Collar |
| 23:26 | Queue | Villager (Male) |
| 24:02 | Research | Gold Mining |
| 24:12 | Age | Castle Age |
| 24:17 | Build | House |
| 24:18 | Build | House |
Build order — gupo57
102 actions detected in the replay
| 0:04 | Build | Town Center |
| 1:05 | Queue | Villager (Male) |
| 1:05 | Queue | Villager (Male) |
| 1:06 | Queue | Villager (Male) |
| 1:08 | Queue | Villager (Male) |
| 1:54 | Build | House |
| 2:21 | Queue | Villager (Male) |
| 2:21 | Queue | Villager (Male) |
| 2:22 | Queue | Villager (Male) |
| 3:15 | Build | Barracks |
| 3:27 | Queue | Villager (Male) |
| 3:27 | Queue | Villager (Male) |
| 3:27 | Queue | Villager (Male) |
| 3:27 | Queue | Villager (Male) |
| 4:12 | Queue | Unit 2550 |
| 4:12 | Queue | Unit 2550 |
| 4:46 | Build | House |
| 5:24 | Build | Settlement |
| 5:31 | Queue | Villager (Male) |
| 5:32 | Queue | Villager (Male) |
| 5:32 | Queue | Villager (Male) |
| 6:32 | Research | Loom |
| 7:17 | Research | Feudal Age |
| 7:18 | Queue | Villager (Male) |
| 7:18 | Queue | Villager (Male) |
| 7:57 | Queue | Unit 2550 |
| 8:51 | Queue | Unit 2550 |
| 9:27 | Age | Feudal Age |
| 9:36 | Build | Watch Tower |
| 9:43 | Queue | Villager (Male) |
| 10:09 | Research | Tech 1402 |
| 10:26 | Queue | Villager (Male) |
| 10:26 | Queue | Villager (Male) |
| 12:33 | Build | Watch Tower |
| 12:35 | Queue | Unit 2550 |
| 12:35 | Queue | Unit 2550 |
| 12:49 | Build | Watch Tower |
| 12:56 | Build | Gate |
| 12:58 | Build | Stone Wall |
| 13:00 | Build | Stone Wall |
| 13:01 | Build | Stone Wall |
| 13:02 | Build | Stone Wall |
| 13:03 | Build | Stone Wall |
| 13:06 | Build | Stone Wall |
| 13:07 | Build | Stone Wall |
| 14:17 | Build | Watch Tower |
| 15:07 | Queue | Villager (Male) |
| 15:09 | Build | Blacksmith |
| 15:27 | Build | Watch Tower |
| 15:39 | Queue | Villager (Male) |
| 15:39 | Queue | Villager (Male) |
| 15:44 | Build | Market |
| 16:24 | Build | Watch Tower |
| 16:36 | Build | Stone Wall |
| 16:37 | Build | Stone Wall |
| 16:39 | Build | Stone Wall |
| 16:51 | Build | Stone Wall |
| 16:54 | Build | Stone Wall |
| 16:56 | Build | Stone Wall |
| 17:07 | Queue | Villager (Male) |
| 17:07 | Queue | Villager (Male) |
| 17:24 | Build | Watch Tower |
| 17:44 | Queue | Villager (Male) |
| 17:58 | Build | Stone Wall |
| 17:59 | Build | Stone Wall |
| 18:01 | Build | Stone Wall |
| 18:04 | Build | Stone Wall |
| 18:26 | Build | Watch Tower |
| 18:34 | Queue | Villager (Male) |
| 18:34 | Queue | Villager (Male) |
| 18:34 | Queue | Villager (Male) |
| 18:49 | Queue | Unit 2550 |
| 19:21 | Queue | Villager (Male) |
| 19:25 | Build | Watch Tower |
| 19:47 | Queue | Villager (Male) |
| 20:05 | Queue | Villager (Male) |
| 20:31 | Queue | Villager (Male) |
| 20:31 | Queue | Villager (Male) |
| 20:41 | Queue | Unit 2550 |
| 21:09 | Research | Fletching |
| 21:13 | Build | Farm |
| 21:14 | Build | Farm |
| 22:01 | Queue | Villager (Male) |
| 22:01 | Queue | Villager (Male) |
| 22:03 | Build | Farm |
| 22:04 | Build | Farm |
| 22:05 | Build | Farm |
| 22:06 | Build | Farm |
| 23:01 | Queue | Villager (Male) |
| 23:01 | Queue | Villager (Male) |
| 23:03 | Build | Farm |
| 23:06 | Build | Farm |
| 23:07 | Build | Farm |
| 23:26 | Queue | Villager (Male) ×5 |
| 23:36 | Build | Watch Tower |
| 23:56 | Build | Farm |
| 23:57 | Build | Farm |
| 23:58 | Research | Double-Bit Axe |
| 24:00 | Build | Farm |
| 24:03 | Build | Farm |
| 24:08 | Build | Farm |
| 24:12 | Build | Watch Tower |
Match timeline
| 3:15 | gupo57 · first_building Barracks |
| 4:52 | be water my friend · wall_segment Palisade Wall x1 |
| 5:34 | be water my friend · wall_segment Palisade Wall x1 |
| 7:26 | be water my friend · wall_segment Palisade Wall x1 |
| 7:27 | be water my friend · wall_segment Palisade Wall x1 |
| 7:59 | be water my friend · first_building Barracks |
| 9:27 | gupo57 · age_up feudal |
| 10:00 | be water my friend · age_up feudal |
| 10:05 | be water my friend · first_building Stable |
| 11:11 | be water my friend · first_building Archery Range |
| 12:34 | be water my friend · wall_segment Palisade Wall x6 |
| 12:58 | gupo57 · wall_segment Stone Wall x1 |
| 13:00 | gupo57 · wall_segment Stone Wall x1 |
| 13:01 | gupo57 · wall_segment Stone Wall x1 |
| 13:02 | gupo57 · wall_segment Stone Wall x1 |
| 13:03 | gupo57 · wall_segment Stone Wall x1 |
| 13:06 | gupo57 · wall_segment Stone Wall x1 |
| 13:07 | gupo57 · wall_segment Stone Wall x1 |
| 16:36 | gupo57 · wall_segment Stone Wall x1 |
| 16:37 | gupo57 · wall_segment Stone Wall x1 |
| 16:39 | gupo57 · wall_segment Stone Wall x1 |
| 16:51 | gupo57 · wall_segment Stone Wall x1 |
| 16:54 | gupo57 · wall_segment Stone Wall x1 |
| 16:56 | gupo57 · wall_segment Stone Wall x1 |
| 17:58 | gupo57 · wall_segment Stone Wall x1 |
| 17:59 | gupo57 · wall_segment Stone Wall x1 |
| 18:01 | gupo57 · wall_segment Stone Wall x1 |
| 18:04 | gupo57 · wall_segment Stone Wall x1 |
| 24:12 | be water my friend · age_up castle |
| 24:23 | gupo57 · resign |
[ AI ANALYSIS · 1 CREDIT ]
What really happened in this match?
Wolo.gg analyzes every decision: build order, eco, micro, common mistakes by bracket. Personalized analysis on WhatsApp or Discord in 30 seconds.
Civ guide
Mongols
Perfil
Jugador #2925148